Workbook

Sheet Сводка
A1: Категория | B1: Янв 2026 | C1: Фев 2026 | D1: Мар 2026 | E1: Апр 2026 | F1: Май 2026 | G1: Июн 2026 | H1: Июл 2026 | I1: Авг 2026 | J1: Сен 2026 | K1: Окт 2026 | L1: Ноя 2026 | M1: Дек 2026
A2: Жильё | B2: =SUMIFS('Операции'!$D$2:$D$1001,'Операции'!$B$2:$B$1001,$A2,'Операции'!$A$2:$A$1001,">="&DATE(2026,1,1),'Операции'!$A$2:$A$1001,"<"&EDATE(DATE(2026,1,1),1)) | C2: =SUMIFS('Операции'!$D$2:$D$1001,'Операции'!$B$2:$B$1001,$A2,'Операции'!$A$2:$A$1001,">="&DATE(2026,2,1),'Операции'!$A$2:$A$1001,"<"&EDATE(DATE(2026,2,1),1)) | D2: =SUMIFS('Операции'!$D$2:$D$1001,'Операции'!$B$2:$B$1001,$A2,'Операции'!$A$2:$A$1001,">="&DATE(2026,3,1),'Операции'!$A$2:$A$1001,"<"&EDATE(DATE(2026,3,1),1)) | E2: =SUMIFS('Операции'!$D$2:$D$1001,'Операции'!$B$2:$B$1001,$A2,'Операции'!$A$2:$A$1001,">="&DATE(2026,4,1),'Операции'!$A$2:$A$1001,"<"&EDATE(DATE(2026,4,1),1)) | F2: =SUMIFS('Операции'!$D$2:$D$1001,'Операции'!$B$2:$B$1001,$A2,'Операции'!$A$2:$A$1001,">="&DATE(2026,5,1),'Операции'!$A$2:$A$1001,"<"&EDATE(DATE(2026,5,1),1)) | G2: =SUMIFS('Операции'!$D$2:$D$1001,'Операции'!$B$2:$B$1001,$A2,'Операции'!$A$2:$A$1001,">="&DATE(2026,6,1),'Операции'!$A$2:$A$1001,"<"&EDATE(DATE(2026,6,1),1)) | H2: =SUMIFS('Операции'!$D$2:$D$1001,'Операции'!$B$2:$B$1001,$A2,'Операции'!$A$2:$A$1001,">="&DATE(2026,7,1),'Операции'!$A$2:$A$1001,"<"&EDATE(DATE(2026,7,1),1)) | I2: =SUMIFS('Операции'!$D$2:$D$1001,'Операции'!$B$2:$B$1001,$A2,'Операции'!$A$2:$A$1001,">="&DATE(2026,8,1),'Операции'!$A$2:$A$1001,"<"&EDATE(DATE(2026,8,1),1)) | J2: =SUMIFS('Операции'!$D$2:$D$1001,'Операции'!$B$2:$B$1001,$A2,'Операции'!$A$2:$A$1001,">="&DATE(2026,9,1),'Операции'!$A$2:$A$1001,"<"&EDATE(DATE(2026,9,1),1)) | K2: =SUMIFS('Операции'!$D$2:$D$1001,'Операции'!$B$2:$B$1001,$A2,'Операции'!$A$2:$A$1001,">="&DATE(2026,10,1),'Операции'!$A$2:$A$1001,"<"&EDATE(DATE(2026,10,1),1)) | L2: =SUMIFS('Операции'!$D$2:$D$1001,'Операции'!$B$2:$B$1001,$A2,'Операции'!$A$2:$A$1001,">="&DATE(2026,11,1),'Операции'!$A$2:$A$1001,"<"&EDATE(DATE(2026,11,1),1)) | M2: =SUMIFS('Операции'!$D$2:$D$1001,'Операции'!$B$2:$B$1001,$A2,'Операции'!$A$2:$A$1001,">="&DATE(2026,12,1),'Операции'!$A$2:$A$1001,"<"&EDATE(DATE(2026,12,1),1))
A3: Продукты | B3: =SUMIFS('Операции'!$D$2:$D$1001,'Операции'!$B$2:$B$1001,$A3,'Операции'!$A$2:$A$1001,">="&DATE(2026,1,1),'Операции'!$A$2:$A$1001,"<"&EDATE(DATE(2026,1,1),1)) | C3: =SUMIFS('Операции'!$D$2:$D$1001,'Операции'!$B$2:$B$1001,$A3,'Операции'!$A$2:$A$1001,">="&DATE(2026,2,1),'Операции'!$A$2:$A$1001,"<"&EDATE(DATE(2026,2,1),1)) | D3: =SUMIFS('Операции'!$D$2:$D$1001,'Операции'!$B$2:$B$1001,$A3,'Операции'!$A$2:$A$1001,">="&DATE(2026,3,1),'Операции'!$A$2:$A$1001,"<"&EDATE(DATE(2026,3,1),1)) | E3: =SUMIFS('Операции'!$D$2:$D$1001,'Операции'!$B$2:$B$1001,$A3,'Операции'!$A$2:$A$1001,">="&DATE(2026,4,1),'Операции'!$A$2:$A$1001,"<"&EDATE(DATE(2026,4,1),1)) | F3: =SUMIFS('Операции'!$D$2:$D$1001,'Операции'!$B$2:$B$1001,$A3,'Операции'!$A$2:$A$1001,">="&DATE(2026,5,1),'Операции'!$A$2:$A$1001,"<"&EDATE(DATE(2026,5,1),1)) | G3: =SUMIFS('Операции'!$D$2:$D$1001,'Операции'!$B$2:$B$1001,$A3,'Операции'!$A$2:$A$1001,">="&DATE(2026,6,1),'Операции'!$A$2:$A$1001,"<"&EDATE(DATE(2026,6,1),1)) | H3: =SUMIFS('Операции'!$D$2:$D$1001,'Операции'!$B$2:$B$1001,$A3,'Операции'!$A$2:$A$1001,">="&DATE(2026,7,1),'Операции'!$A$2:$A$1001,"<"&EDATE(DATE(2026,7,1),1)) | I3: =SUMIFS('Операции'!$D$2:$D$1001,'Операции'!$B$2:$B$1001,$A3,'Операции'!$A$2:$A$1001,">="&DATE(2026,8,1),'Операции'!$A$2:$A$1001,"<"&EDATE(DATE(2026,8,1),1)) | J3: =SUMIFS('Операции'!$D$2:$D$1001,'Операции'!$B$2:$B$1001,$A3,'Операции'!$A$2:$A$1001,">="&DATE(2026,9,1),'Операции'!$A$2:$A$1001,"<"&EDATE(DATE(2026,9,1),1)) | K3: =SUMIFS('Операции'!$D$2:$D$1001,'Операции'!$B$2:$B$1001,$A3,'Операции'!$A$2:$A$1001,">="&DATE(2026,10,1),'Операции'!$A$2:$A$1001,"<"&EDATE(DATE(2026,10,1),1)) | L3: =SUMIFS('Операции'!$D$2:$D$1001,'Операции'!$B$2:$B$1001,$A3,'Операции'!$A$2:$A$1001,">="&DATE(2026,11,1),'Операции'!$A$2:$A$1001,"<"&EDATE(DATE(2026,11,1),1)) | M3: =SUMIFS('Операции'!$D$2:$D$1001,'Операции'!$B$2:$B$1001,$A3,'Операции'!$A$2:$A$1001,">="&DATE(2026,12,1),'Операции'!$A$2:$A$1001,"<"&EDATE(DATE(2026,12,1),1))
A4: Кафе и рестораны | B4: =SUMIFS('Операции'!$D$2:$D$1001,'Операции'!$B$2:$B$1001,$A4,'Операции'!$A$2:$A$1001,">="&DATE(2026,1,1),'Операции'!$A$2:$A$1001,"<"&EDATE(DATE(2026,1,1),1)) | C4: =SUMIFS('Операции'!$D$2:$D$1001,'Операции'!$B$2:$B$1001,$A4,'Операции'!$A$2:$A$1001,">="&DATE(2026,2,1),'Операции'!$A$2:$A$1001,"<"&EDATE(DATE(2026,2,1),1)) | D4: =SUMIFS('Операции'!$D$2:$D$1001,'Операции'!$B$2:$B$1001,$A4,'Операции'!$A$2:$A$1001,">="&DATE(2026,3,1),'Операции'!$A$2:$A$1001,"<"&EDATE(DATE(2026,3,1),1)) | E4: =SUMIFS('Операции'!$D$2:$D$1001,'Операции'!$B$2:$B$1001,$A4,'Операции'!$A$2:$A$1001,">="&DATE(2026,4,1),'Операции'!$A$2:$A$1001,"<"&EDATE(DATE(2026,4,1),1)) | F4: =SUMIFS('Операции'!$D$2:$D$1001,'Операции'!$B$2:$B$1001,$A4,'Операции'!$A$2:$A$1001,">="&DATE(2026,5,1),'Операции'!$A$2:$A$1001,"<"&EDATE(DATE(2026,5,1),1)) | G4: =SUMIFS('Операции'!$D$2:$D$1001,'Операции'!$B$2:$B$1001,$A4,'Операции'!$A$2:$A$1001,">="&DATE(2026,6,1),'Операции'!$A$2:$A$1001,"<"&EDATE(DATE(2026,6,1),1)) | H4: =SUMIFS('Операции'!$D$2:$D$1001,'Операции'!$B$2:$B$1001,$A4,'Операции'!$A$2:$A$1001,">="&DATE(2026,7,1),'Операции'!$A$2:$A$1001,"<"&EDATE(DATE(2026,7,1),1)) | I4: =SUMIFS('Операции'!$D$2:$D$1001,'Операции'!$B$2:$B$1001,$A4,'Операции'!$A$2:$A$1001,">="&DATE(2026,8,1),'Операции'!$A$2:$A$1001,"<"&EDATE(DATE(2026,8,1),1)) | J4: =SUMIFS('Операции'!$D$2:$D$1001,'Операции'!$B$2:$B$1001,$A4,'Операции'!$A$2:$A$1001,">="&DATE(2026,9,1),'Операции'!$A$2:$A$1001,"<"&EDATE(DATE(2026,9,1),1)) | K4: =SUMIFS('Операции'!$D$2:$D$1001,'Операции'!$B$2:$B$1001,$A4,'Операции'!$A$2:$A$1001,">="&DATE(2026,10,1),'Операции'!$A$2:$A$1001,"<"&EDATE(DATE(2026,10,1),1)) | L4: =SUMIFS('Операции'!$D$2:$D$1001,'Операции'!$B$2:$B$1001,$A4,'Операции'!$A$2:$A$1001,">="&DATE(2026,11,1),'Операции'!$A$2:$A$1001,"<"&EDATE(DATE(2026,11,1),1)) | M4: =SUMIFS('Операции'!$D$2:$D$1001,'Операции'!$B$2:$B$1001,$A4,'Операции'!$A$2:$A$1001,">="&DATE(2026,12,1),'Операции'!$A$2:$A$1001,"<"&EDATE(DATE(2026,12,1),1))
A5: Транспорт | B5: =SUMIFS('Операции'!$D$2:$D$1001,'Операции'!$B$2:$B$1001,$A5,'Операции'!$A$2:$A$1001,">="&DATE(2026,1,1),'Операции'!$A$2:$A$1001,"<"&EDATE(DATE(2026,1,1),1)) | C5: =SUMIFS('Операции'!$D$2:$D$1001,'Операции'!$B$2:$B$1001,$A5,'Операции'!$A$2:$A$1001,">="&DATE(2026,2,1),'Операции'!$A$2:$A$1001,"<"&EDATE(DATE(2026,2,1),1)) | D5: =SUMIFS('Операции'!$D$2:$D$1001,'Операции'!$B$2:$B$1001,$A5,'Операции'!$A$2:$A$1001,">="&DATE(2026,3,1),'Операции'!$A$2:$A$1001,"<"&EDATE(DATE(2026,3,1),1)) | E5: =SUMIFS('Операции'!$D$2:$D$1001,'Операции'!$B$2:$B$1001,$A5,'Операции'!$A$2:$A$1001,">="&DATE(2026,4,1),'Операции'!$A$2:$A$1001,"<"&EDATE(DATE(2026,4,1),1)) | F5: =SUMIFS('Операции'!$D$2:$D$1001,'Операции'!$B$2:$B$1001,$A5,'Операции'!$A$2:$A$1001,">="&DATE(2026,5,1),'Операции'!$A$2:$A$1001,"<"&EDATE(DATE(2026,5,1),1)) | G5: =SUMIFS('Операции'!$D$2:$D$1001,'Операции'!$B$2:$B$1001,$A5,'Операции'!$A$2:$A$1001,">="&DATE(2026,6,1),'Операции'!$A$2:$A$1001,"<"&EDATE(DATE(2026,6,1),1)) | H5: =SUMIFS('Операции'!$D$2:$D$1001,'Операции'!$B$2:$B$1001,$A5,'Операции'!$A$2:$A$1001,">="&DATE(2026,7,1),'Операции'!$A$2:$A$1001,"<"&EDATE(DATE(2026,7,1),1)) | I5: =SUMIFS('Операции'!$D$2:$D$1001,'Операции'!$B$2:$B$1001,$A5,'Операции'!$A$2:$A$1001,">="&DATE(2026,8,1),'Операции'!$A$2:$A$1001,"<"&EDATE(DATE(2026,8,1),1)) | J5: =SUMIFS('Операции'!$D$2:$D$1001,'Операции'!$B$2:$B$1001,$A5,'Операции'!$A$2:$A$1001,">="&DATE(2026,9,1),'Операции'!$A$2:$A$1001,"<"&EDATE(DATE(2026,9,1),1)) | K5: =SUMIFS('Операции'!$D$2:$D$1001,'Операции'!$B$2:$B$1001,$A5,'Операции'!$A$2:$A$1001,">="&DATE(2026,10,1),'Операции'!$A$2:$A$1001,"<"&EDATE(DATE(2026,10,1),1)) | L5: =SUMIFS('Операции'!$D$2:$D$1001,'Операции'!$B$2:$B$1001,$A5,'Операции'!$A$2:$A$1001,">="&DATE(2026,11,1),'Операции'!$A$2:$A$1001,"<"&EDATE(DATE(2026,11,1),1)) | M5: =SUMIFS('Операции'!$D$2:$D$1001,'Операции'!$B$2:$B$1001,$A5,'Операции'!$A$2:$A$1001,">="&DATE(2026,12,1),'Операции'!$A$2:$A$1001,"<"&EDATE(DATE(2026,12,1),1))
A6: Коммунальные | B6: =SUMIFS('Операции'!$D$2:$D$1001,'Операции'!$B$2:$B$1001,$A6,'Операции'!$A$2:$A$1001,">="&DATE(2026,1,1),'Операции'!$A$2:$A$1001,"<"&EDATE(DATE(2026,1,1),1)) | C6: =SUMIFS('Операции'!$D$2:$D$1001,'Операции'!$B$2:$B$1001,$A6,'Операции'!$A$2:$A$1001,">="&DATE(2026,2,1),'Операции'!$A$2:$A$1001,"<"&EDATE(DATE(2026,2,1),1)) | D6: =SUMIFS('Операции'!$D$2:$D$1001,'Операции'!$B$2:$B$1001,$A6,'Операции'!$A$2:$A$1001,">="&DATE(2026,3,1),'Операции'!$A$2:$A$1001,"<"&EDATE(DATE(2026,3,1),1)) | E6: =SUMIFS('Операции'!$D$2:$D$1001,'Операции'!$B$2:$B$1001,$A6,'Операции'!$A$2:$A$1001,">="&DATE(2026,4,1),'Операции'!$A$2:$A$1001,"<"&EDATE(DATE(2026,4,1),1)) | F6: =SUMIFS('Операции'!$D$2:$D$1001,'Операции'!$B$2:$B$1001,$A6,'Операции'!$A$2:$A$1001,">="&DATE(2026,5,1),'Операции'!$A$2:$A$1001,"<"&EDATE(DATE(2026,5,1),1)) | G6: =SUMIFS('Операции'!$D$2:$D$1001,'Операции'!$B$2:$B$1001,$A6,'Операции'!$A$2:$A$1001,">="&DATE(2026,6,1),'Операции'!$A$2:$A$1001,"<"&EDATE(DATE(2026,6,1),1)) | H6: =SUMIFS('Операции'!$D$2:$D$1001,'Операции'!$B$2:$B$1001,$A6,'Операции'!$A$2:$A$1001,">="&DATE(2026,7,1),'Операции'!$A$2:$A$1001,"<"&EDATE(DATE(2026,7,1),1)) | I6: =SUMIFS('Операции'!$D$2:$D$1001,'Операции'!$B$2:$B$1001,$A6,'Операции'!$A$2:$A$1001,">="&DATE(2026,8,1),'Операции'!$A$2:$A$1001,"<"&EDATE(DATE(2026,8,1),1)) | J6: =SUMIFS('Операции'!$D$2:$D$1001,'Операции'!$B$2:$B$1001,$A6,'Операции'!$A$2:$A$1001,">="&DATE(2026,9,1),'Операции'!$A$2:$A$1001,"<"&EDATE(DATE(2026,9,1),1)) | K6: =SUMIFS('Операции'!$D$2:$D$1001,'Операции'!$B$2:$B$1001,$A6,'Операции'!$A$2:$A$1001,">="&DATE(2026,10,1),'Операции'!$A$2:$A$1001,"<"&EDATE(DATE(2026,10,1),1)) | L6: =SUMIFS('Операции'!$D$2:$D$1001,'Операции'!$B$2:$B$1001,$A6,'Операции'!$A$2:$A$1001,">="&DATE(2026,11,1),'Операции'!$A$2:$A$1001,"<"&EDATE(DATE(2026,11,1),1)) | M6: =SUMIFS('Операции'!$D$2:$D$1001,'Операции'!$B$2:$B$1001,$A6,'Операции'!$A$2:$A$1001,">="&DATE(2026,12,1),'Операции'!$A$2:$A$1001,"<"&EDATE(DATE(2026,12,1),1))
A7: Здоровье | B7: =SUMIFS('Операции'!$D$2:$D$1001,'Операции'!$B$2:$B$1001,$A7,'Операции'!$A$2:$A$1001,">="&DATE(2026,1,1),'Операции'!$A$2:$A$1001,"<"&EDATE(DATE(2026,1,1),1)) | C7: =SUMIFS('Операции'!$D$2:$D$1001,'Операции'!$B$2:$B$1001,$A7,'Операции'!$A$2:$A$1001,">="&DATE(2026,2,1),'Операции'!$A$2:$A$1001,"<"&EDATE(DATE(2026,2,1),1)) | D7: =SUMIFS('Операции'!$D$2:$D$1001,'Операции'!$B$2:$B$1001,$A7,'Операции'!$A$2:$A$1001,">="&DATE(2026,3,1),'Операции'!$A$2:$A$1001,"<"&EDATE(DATE(2026,3,1),1)) | E7: =SUMIFS('Операции'!$D$2:$D$1001,'Операции'!$B$2:$B$1001,$A7,'Операции'!$A$2:$A$1001,">="&DATE(2026,4,1),'Операции'!$A$2:$A$1001,"<"&EDATE(DATE(2026,4,1),1)) | F7: =SUMIFS('Операции'!$D$2:$D$1001,'Операции'!$B$2:$B$1001,$A7,'Операции'!$A$2:$A$1001,">="&DATE(2026,5,1),'Операции'!$A$2:$A$1001,"<"&EDATE(DATE(2026,5,1),1)) | G7: =SUMIFS('Операции'!$D$2:$D$1001,'Операции'!$B$2:$B$1001,$A7,'Операции'!$A$2:$A$1001,">="&DATE(2026,6,1),'Операции'!$A$2:$A$1001,"<"&EDATE(DATE(2026,6,1),1)) | H7: =SUMIFS('Операции'!$D$2:$D$1001,'Операции'!$B$2:$B$1001,$A7,'Операции'!$A$2:$A$1001,">="&DATE(2026,7,1),'Операции'!$A$2:$A$1001,"<"&EDATE(DATE(2026,7,1),1)) | I7: =SUMIFS('Операции'!$D$2:$D$1001,'Операции'!$B$2:$B$1001,$A7,'Операции'!$A$2:$A$1001,">="&DATE(2026,8,1),'Операции'!$A$2:$A$1001,"<"&EDATE(DATE(2026,8,1),1)) | J7: =SUMIFS('Операции'!$D$2:$D$1001,'Операции'!$B$2:$B$1001,$A7,'Операции'!$A$2:$A$1001,">="&DATE(2026,9,1),'Операции'!$A$2:$A$1001,"<"&EDATE(DATE(2026,9,1),1)) | K7: =SUMIFS('Операции'!$D$2:$D$1001,'Операции'!$B$2:$B$1001,$A7,'Операции'!$A$2:$A$1001,">="&DATE(2026,10,1),'Операции'!$A$2:$A$1001,"<"&EDATE(DATE(2026,10,1),1)) | L7: =SUMIFS('Операции'!$D$2:$D$1001,'Операции'!$B$2:$B$1001,$A7,'Операции'!$A$2:$A$1001,">="&DATE(2026,11,1),'Операции'!$A$2:$A$1001,"<"&EDATE(DATE(2026,11,1),1)) | M7: =SUMIFS('Операции'!$D$2:$D$1001,'Операции'!$B$2:$B$1001,$A7,'Операции'!$A$2:$A$1001,">="&DATE(2026,12,1),'Операции'!$A$2:$A$1001,"<"&EDATE(DATE(2026,12,1),1))
A8: Подписки | B8: =SUMIFS('Операции'!$D$2:$D$1001,'Операции'!$B$2:$B$1001,$A8,'Операции'!$A$2:$A$1001,">="&DATE(2026,1,1),'Операции'!$A$2:$A$1001,"<"&EDATE(DATE(2026,1,1),1)) | C8: =SUMIFS('Операции'!$D$2:$D$1001,'Операции'!$B$2:$B$1001,$A8,'Операции'!$A$2:$A$1001,">="&DATE(2026,2,1),'Операции'!$A$2:$A$1001,"<"&EDATE(DATE(2026,2,1),1)) | D8: =SUMIFS('Операции'!$D$2:$D$1001,'Операции'!$B$2:$B$1001,$A8,'Операции'!$A$2:$A$1001,">="&DATE(2026,3,1),'Операции'!$A$2:$A$1001,"<"&EDATE(DATE(2026,3,1),1)) | E8: =SUMIFS('Операции'!$D$2:$D$1001,'Операции'!$B$2:$B$1001,$A8,'Операции'!$A$2:$A$1001,">="&DATE(2026,4,1),'Операции'!$A$2:$A$1001,"<"&EDATE(DATE(2026,4,1),1)) | F8: =SUMIFS('Операции'!$D$2:$D$1001,'Операции'!$B$2:$B$1001,$A8,'Операции'!$A$2:$A$1001,">="&DATE(2026,5,1),'Операции'!$A$2:$A$1001,"<"&EDATE(DATE(2026,5,1),1)) | G8: =SUMIFS('Операции'!$D$2:$D$1001,'Операции'!$B$2:$B$1001,$A8,'Операции'!$A$2:$A$1001,">="&DATE(2026,6,1),'Операции'!$A$2:$A$1001,"<"&EDATE(DATE(2026,6,1),1)) | H8: =SUMIFS('Операции'!$D$2:$D$1001,'Операции'!$B$2:$B$1001,$A8,'Операции'!$A$2:$A$1001,">="&DATE(2026,7,1),'Операции'!$A$2:$A$1001,"<"&EDATE(DATE(2026,7,1),1)) | I8: =SUMIFS('Операции'!$D$2:$D$1001,'Операции'!$B$2:$B$1001,$A8,'Операции'!$A$2:$A$1001,">="&DATE(2026,8,1),'Операции'!$A$2:$A$1001,"<"&EDATE(DATE(2026,8,1),1)) | J8: =SUMIFS('Операции'!$D$2:$D$1001,'Операции'!$B$2:$B$1001,$A8,'Операции'!$A$2:$A$1001,">="&DATE(2026,9,1),'Операции'!$A$2:$A$1001,"<"&EDATE(DATE(2026,9,1),1)) | K8: =SUMIFS('Операции'!$D$2:$D$1001,'Операции'!$B$2:$B$1001,$A8,'Операции'!$A$2:$A$1001,">="&DATE(2026,10,1),'Операции'!$A$2:$A$1001,"<"&EDATE(DATE(2026,10,1),1)) | L8: =SUMIFS('Операции'!$D$2:$D$1001,'Операции'!$B$2:$B$1001,$A8,'Операции'!$A$2:$A$1001,">="&DATE(2026,11,1),'Операции'!$A$2:$A$1001,"<"&EDATE(DATE(2026,11,1),1)) | M8: =SUMIFS('Операции'!$D$2:$D$1001,'Операции'!$B$2:$B$1001,$A8,'Операции'!$A$2:$A$1001,">="&DATE(2026,12,1),'Операции'!$A$2:$A$1001,"<"&EDATE(DATE(2026,12,1),1))
A9: Покупки | B9: =SUMIFS('Операции'!$D$2:$D$1001,'Операции'!$B$2:$B$1001,$A9,'Операции'!$A$2:$A$1001,">="&DATE(2026,1,1),'Операции'!$A$2:$A$1001,"<"&EDATE(DATE(2026,1,1),1)) | C9: =SUMIFS('Операции'!$D$2:$D$1001,'Операции'!$B$2:$B$1001,$A9,'Операции'!$A$2:$A$1001,">="&DATE(2026,2,1),'Операции'!$A$2:$A$1001,"<"&EDATE(DATE(2026,2,1),1)) | D9: =SUMIFS('Операции'!$D$2:$D$1001,'Операции'!$B$2:$B$1001,$A9,'Операции'!$A$2:$A$1001,">="&DATE(2026,3,1),'Операции'!$A$2:$A$1001,"<"&EDATE(DATE(2026,3,1),1)) | E9: =SUMIFS('Операции'!$D$2:$D$1001,'Операции'!$B$2:$B$1001,$A9,'Операции'!$A$2:$A$1001,">="&DATE(2026,4,1),'Операции'!$A$2:$A$1001,"<"&EDATE(DATE(2026,4,1),1)) | F9: =SUMIFS('Операции'!$D$2:$D$1001,'Операции'!$B$2:$B$1001,$A9,'Операции'!$A$2:$A$1001,">="&DATE(2026,5,1),'Операции'!$A$2:$A$1001,"<"&EDATE(DATE(2026,5,1),1)) | G9: =SUMIFS('Операции'!$D$2:$D$1001,'Операции'!$B$2:$B$1001,$A9,'Операции'!$A$2:$A$1001,">="&DATE(2026,6,1),'Операции'!$A$2:$A$1001,"<"&EDATE(DATE(2026,6,1),1)) | H9: =SUMIFS('Операции'!$D$2:$D$1001,'Операции'!$B$2:$B$1001,$A9,'Операции'!$A$2:$A$1001,">="&DATE(2026,7,1),'Операции'!$A$2:$A$1001,"<"&EDATE(DATE(2026,7,1),1)) | I9: =SUMIFS('Операции'!$D$2:$D$1001,'Операции'!$B$2:$B$1001,$A9,'Операции'!$A$2:$A$1001,">="&DATE(2026,8,1),'Операции'!$A$2:$A$1001,"<"&EDATE(DATE(2026,8,1),1)) | J9: =SUMIFS('Операции'!$D$2:$D$1001,'Операции'!$B$2:$B$1001,$A9,'Операции'!$A$2:$A$1001,">="&DATE(2026,9,1),'Операции'!$A$2:$A$1001,"<"&EDATE(DATE(2026,9,1),1)) | K9: =SUMIFS('Операции'!$D$2:$D$1001,'Операции'!$B$2:$B$1001,$A9,'Операции'!$A$2:$A$1001,">="&DATE(2026,10,1),'Операции'!$A$2:$A$1001,"<"&EDATE(DATE(2026,10,1),1)) | L9: =SUMIFS('Операции'!$D$2:$D$1001,'Операции'!$B$2:$B$1001,$A9,'Операции'!$A$2:$A$1001,">="&DATE(2026,11,1),'Операции'!$A$2:$A$1001,"<"&EDATE(DATE(2026,11,1),1)) | M9: =SUMIFS('Операции'!$D$2:$D$1001,'Операции'!$B$2:$B$1001,$A9,'Операции'!$A$2:$A$1001,">="&DATE(2026,12,1),'Операции'!$A$2:$A$1001,"<"&EDATE(DATE(2026,12,1),1))
A10: Дети | B10: =SUMIFS('Операции'!$D$2:$D$1001,'Операции'!$B$2:$B$1001,$A10,'Операции'!$A$2:$A$1001,">="&DATE(2026,1,1),'Операции'!$A$2:$A$1001,"<"&EDATE(DATE(2026,1,1),1)) | C10: =SUMIFS('Операции'!$D$2:$D$1001,'Операции'!$B$2:$B$1001,$A10,'Операции'!$A$2:$A$1001,">="&DATE(2026,2,1),'Операции'!$A$2:$A$1001,"<"&EDATE(DATE(2026,2,1),1)) | D10: =SUMIFS('Операции'!$D$2:$D$1001,'Операции'!$B$2:$B$1001,$A10,'Операции'!$A$2:$A$1001,">="&DATE(2026,3,1),'Операции'!$A$2:$A$1001,"<"&EDATE(DATE(2026,3,1),1)) | E10: =SUMIFS('Операции'!$D$2:$D$1001,'Операции'!$B$2:$B$1001,$A10,'Операции'!$A$2:$A$1001,">="&DATE(2026,4,1),'Операции'!$A$2:$A$1001,"<"&EDATE(DATE(2026,4,1),1)) | F10: =SUMIFS('Операции'!$D$2:$D$1001,'Операции'!$B$2:$B$1001,$A10,'Операции'!$A$2:$A$1001,">="&DATE(2026,5,1),'Операции'!$A$2:$A$1001,"<"&EDATE(DATE(2026,5,1),1)) | G10: =SUMIFS('Операции'!$D$2:$D$1001,'Операции'!$B$2:$B$1001,$A10,'Операции'!$A$2:$A$1001,">="&DATE(2026,6,1),'Операции'!$A$2:$A$1001,"<"&EDATE(DATE(2026,6,1),1)) | H10: =SUMIFS('Операции'!$D$2:$D$1001,'Операции'!$B$2:$B$1001,$A10,'Операции'!$A$2:$A$1001,">="&DATE(2026,7,1),'Операции'!$A$2:$A$1001,"<"&EDATE(DATE(2026,7,1),1)) | I10: =SUMIFS('Операции'!$D$2:$D$1001,'Операции'!$B$2:$B$1001,$A10,'Операции'!$A$2:$A$1001,">="&DATE(2026,8,1),'Операции'!$A$2:$A$1001,"<"&EDATE(DATE(2026,8,1),1)) | J10: =SUMIFS('Операции'!$D$2:$D$1001,'Операции'!$B$2:$B$1001,$A10,'Операции'!$A$2:$A$1001,">="&DATE(2026,9,1),'Операции'!$A$2:$A$1001,"<"&EDATE(DATE(2026,9,1),1)) | K10: =SUMIFS('Операции'!$D$2:$D$1001,'Операции'!$B$2:$B$1001,$A10,'Операции'!$A$2:$A$1001,">="&DATE(2026,10,1),'Операции'!$A$2:$A$1001,"<"&EDATE(DATE(2026,10,1),1)) | L10: =SUMIFS('Операции'!$D$2:$D$1001,'Операции'!$B$2:$B$1001,$A10,'Операции'!$A$2:$A$1001,">="&DATE(2026,11,1),'Операции'!$A$2:$A$1001,"<"&EDATE(DATE(2026,11,1),1)) | M10: =SUMIFS('Операции'!$D$2:$D$1001,'Операции'!$B$2:$B$1001,$A10,'Операции'!$A$2:$A$1001,">="&DATE(2026,12,1),'Операции'!$A$2:$A$1001,"<"&EDATE(DATE(2026,12,1),1))
A11: Накопления | B11: =SUMIFS('Операции'!$D$2:$D$1001,'Операции'!$B$2:$B$1001,$A11,'Операции'!$A$2:$A$1001,">="&DATE(2026,1,1),'Операции'!$A$2:$A$1001,"<"&EDATE(DATE(2026,1,1),1)) | C11: =SUMIFS('Операции'!$D$2:$D$1001,'Операции'!$B$2:$B$1001,$A11,'Операции'!$A$2:$A$1001,">="&DATE(2026,2,1),'Операции'!$A$2:$A$1001,"<"&EDATE(DATE(2026,2,1),1)) | D11: =SUMIFS('Операции'!$D$2:$D$1001,'Операции'!$B$2:$B$1001,$A11,'Операции'!$A$2:$A$1001,">="&DATE(2026,3,1),'Операции'!$A$2:$A$1001,"<"&EDATE(DATE(2026,3,1),1)) | E11: =SUMIFS('Операции'!$D$2:$D$1001,'Операции'!$B$2:$B$1001,$A11,'Операции'!$A$2:$A$1001,">="&DATE(2026,4,1),'Операции'!$A$2:$A$1001,"<"&EDATE(DATE(2026,4,1),1)) | F11: =SUMIFS('Операции'!$D$2:$D$1001,'Операции'!$B$2:$B$1001,$A11,'Операции'!$A$2:$A$1001,">="&DATE(2026,5,1),'Операции'!$A$2:$A$1001,"<"&EDATE(DATE(2026,5,1),1)) | G11: =SUMIFS('Операции'!$D$2:$D$1001,'Операции'!$B$2:$B$1001,$A11,'Операции'!$A$2:$A$1001,">="&DATE(2026,6,1),'Операции'!$A$2:$A$1001,"<"&EDATE(DATE(2026,6,1),1)) | H11: =SUMIFS('Операции'!$D$2:$D$1001,'Операции'!$B$2:$B$1001,$A11,'Операции'!$A$2:$A$1001,">="&DATE(2026,7,1),'Операции'!$A$2:$A$1001,"<"&EDATE(DATE(2026,7,1),1)) | I11: =SUMIFS('Операции'!$D$2:$D$1001,'Операции'!$B$2:$B$1001,$A11,'Операции'!$A$2:$A$1001,">="&DATE(2026,8,1),'Операции'!$A$2:$A$1001,"<"&EDATE(DATE(2026,8,1),1)) | J11: =SUMIFS('Операции'!$D$2:$D$1001,'Операции'!$B$2:$B$1001,$A11,'Операции'!$A$2:$A$1001,">="&DATE(2026,9,1),'Операции'!$A$2:$A$1001,"<"&EDATE(DATE(2026,9,1),1)) | K11: =SUMIFS('Операции'!$D$2:$D$1001,'Операции'!$B$2:$B$1001,$A11,'Операции'!$A$2:$A$1001,">="&DATE(2026,10,1),'Операции'!$A$2:$A$1001,"<"&EDATE(DATE(2026,10,1),1)) | L11: =SUMIFS('Операции'!$D$2:$D$1001,'Операции'!$B$2:$B$1001,$A11,'Операции'!$A$2:$A$1001,">="&DATE(2026,11,1),'Операции'!$A$2:$A$1001,"<"&EDATE(DATE(2026,11,1),1)) | M11: =SUMIFS('Операции'!$D$2:$D$1001,'Операции'!$B$2:$B$1001,$A11,'Операции'!$A$2:$A$1001,">="&DATE(2026,12,1),'Операции'!$A$2:$A$1001,"<"&EDATE(DATE(2026,12,1),1))
A12: Погашение долгов | B12: =SUMIFS('Операции'!$D$2:$D$1001,'Операции'!$B$2:$B$1001,$A12,'Операции'!$A$2:$A$1001,">="&DATE(2026,1,1),'Операции'!$A$2:$A$1001,"<"&EDATE(DATE(2026,1,1),1)) | C12: =SUMIFS('Операции'!$D$2:$D$1001,'Операции'!$B$2:$B$1001,$A12,'Операции'!$A$2:$A$1001,">="&DATE(2026,2,1),'Операции'!$A$2:$A$1001,"<"&EDATE(DATE(2026,2,1),1)) | D12: =SUMIFS('Операции'!$D$2:$D$1001,'Операции'!$B$2:$B$1001,$A12,'Операции'!$A$2:$A$1001,">="&DATE(2026,3,1),'Операции'!$A$2:$A$1001,"<"&EDATE(DATE(2026,3,1),1)) | E12: =SUMIFS('Операции'!$D$2:$D$1001,'Операции'!$B$2:$B$1001,$A12,'Операции'!$A$2:$A$1001,">="&DATE(2026,4,1),'Операции'!$A$2:$A$1001,"<"&EDATE(DATE(2026,4,1),1)) | F12: =SUMIFS('Операции'!$D$2:$D$1001,'Операции'!$B$2:$B$1001,$A12,'Операции'!$A$2:$A$1001,">="&DATE(2026,5,1),'Операции'!$A$2:$A$1001,"<"&EDATE(DATE(2026,5,1),1)) | G12: =SUMIFS('Операции'!$D$2:$D$1001,'Операции'!$B$2:$B$1001,$A12,'Операции'!$A$2:$A$1001,">="&DATE(2026,6,1),'Операции'!$A$2:$A$1001,"<"&EDATE(DATE(2026,6,1),1)) | H12: =SUMIFS('Операции'!$D$2:$D$1001,'Операции'!$B$2:$B$1001,$A12,'Операции'!$A$2:$A$1001,">="&DATE(2026,7,1),'Операции'!$A$2:$A$1001,"<"&EDATE(DATE(2026,7,1),1)) | I12: =SUMIFS('Операции'!$D$2:$D$1001,'Операции'!$B$2:$B$1001,$A12,'Операции'!$A$2:$A$1001,">="&DATE(2026,8,1),'Операции'!$A$2:$A$1001,"<"&EDATE(DATE(2026,8,1),1)) | J12: =SUMIFS('Операции'!$D$2:$D$1001,'Операции'!$B$2:$B$1001,$A12,'Операции'!$A$2:$A$1001,">="&DATE(2026,9,1),'Операции'!$A$2:$A$1001,"<"&EDATE(DATE(2026,9,1),1)) | K12: =SUMIFS('Операции'!$D$2:$D$1001,'Операции'!$B$2:$B$1001,$A12,'Операции'!$A$2:$A$1001,">="&DATE(2026,10,1),'Операции'!$A$2:$A$1001,"<"&EDATE(DATE(2026,10,1),1)) | L12: =SUMIFS('Операции'!$D$2:$D$1001,'Операции'!$B$2:$B$1001,$A12,'Операции'!$A$2:$A$1001,">="&DATE(2026,11,1),'Операции'!$A$2:$A$1001,"<"&EDATE(DATE(2026,11,1),1)) | M12: =SUMIFS('Операции'!$D$2:$D$1001,'Операции'!$B$2:$B$1001,$A12,'Операции'!$A$2:$A$1001,">="&DATE(2026,12,1),'Операции'!$A$2:$A$1001,"<"&EDATE(DATE(2026,12,1),1))
A13: Развлечения | B13: =SUMIFS('Операции'!$D$2:$D$1001,'Операции'!$B$2:$B$1001,$A13,'Операции'!$A$2:$A$1001,">="&DATE(2026,1,1),'Операции'!$A$2:$A$1001,"<"&EDATE(DATE(2026,1,1),1)) | C13: =SUMIFS('Операции'!$D$2:$D$1001,'Операции'!$B$2:$B$1001,$A13,'Операции'!$A$2:$A$1001,">="&DATE(2026,2,1),'Операции'!$A$2:$A$1001,"<"&EDATE(DATE(2026,2,1),1)) | D13: =SUMIFS('Операции'!$D$2:$D$1001,'Операции'!$B$2:$B$1001,$A13,'Операции'!$A$2:$A$1001,">="&DATE(2026,3,1),'Операции'!$A$2:$A$1001,"<"&EDATE(DATE(2026,3,1),1)) | E13: =SUMIFS('Операции'!$D$2:$D$1001,'Операции'!$B$2:$B$1001,$A13,'Операции'!$A$2:$A$1001,">="&DATE(2026,4,1),'Операции'!$A$2:$A$1001,"<"&EDATE(DATE(2026,4,1),1)) | F13: =SUMIFS('Операции'!$D$2:$D$1001,'Операции'!$B$2:$B$1001,$A13,'Операции'!$A$2:$A$1001,">="&DATE(2026,5,1),'Операции'!$A$2:$A$1001,"<"&EDATE(DATE(2026,5,1),1)) | G13: =SUMIFS('Операции'!$D$2:$D$1001,'Операции'!$B$2:$B$1001,$A13,'Операции'!$A$2:$A$1001,">="&DATE(2026,6,1),'Операции'!$A$2:$A$1001,"<"&EDATE(DATE(2026,6,1),1)) | H13: =SUMIFS('Операции'!$D$2:$D$1001,'Операции'!$B$2:$B$1001,$A13,'Операции'!$A$2:$A$1001,">="&DATE(2026,7,1),'Операции'!$A$2:$A$1001,"<"&EDATE(DATE(2026,7,1),1)) | I13: =SUMIFS('Операции'!$D$2:$D$1001,'Операции'!$B$2:$B$1001,$A13,'Операции'!$A$2:$A$1001,">="&DATE(2026,8,1),'Операции'!$A$2:$A$1001,"<"&EDATE(DATE(2026,8,1),1)) | J13: =SUMIFS('Операции'!$D$2:$D$1001,'Операции'!$B$2:$B$1001,$A13,'Операции'!$A$2:$A$1001,">="&DATE(2026,9,1),'Операции'!$A$2:$A$1001,"<"&EDATE(DATE(2026,9,1),1)) | K13: =SUMIFS('Операции'!$D$2:$D$1001,'Операции'!$B$2:$B$1001,$A13,'Операции'!$A$2:$A$1001,">="&DATE(2026,10,1),'Операции'!$A$2:$A$1001,"<"&EDATE(DATE(2026,10,1),1)) | L13: =SUMIFS('Операции'!$D$2:$D$1001,'Операции'!$B$2:$B$1001,$A13,'Операции'!$A$2:$A$1001,">="&DATE(2026,11,1),'Операции'!$A$2:$A$1001,"<"&EDATE(DATE(2026,11,1),1)) | M13: =SUMIFS('Операции'!$D$2:$D$1001,'Операции'!$B$2:$B$1001,$A13,'Операции'!$A$2:$A$1001,">="&DATE(2026,12,1),'Операции'!$A$2:$A$1001,"<"&EDATE(DATE(2026,12,1),1))
A14: Доход | B14: =SUMIFS('Операции'!$D$2:$D$1001,'Операции'!$B$2:$B$1001,$A14,'Операции'!$A$2:$A$1001,">="&DATE(2026,1,1),'Операции'!$A$2:$A$1001,"<"&EDATE(DATE(2026,1,1),1)) | C14: =SUMIFS('Операции'!$D$2:$D$1001,'Операции'!$B$2:$B$1001,$A14,'Операции'!$A$2:$A$1001,">="&DATE(2026,2,1),'Операции'!$A$2:$A$1001,"<"&EDATE(DATE(2026,2,1),1)) | D14: =SUMIFS('Операции'!$D$2:$D$1001,'Операции'!$B$2:$B$1001,$A14,'Операции'!$A$2:$A$1001,">="&DATE(2026,3,1),'Операции'!$A$2:$A$1001,"<"&EDATE(DATE(2026,3,1),1)) | E14: =SUMIFS('Операции'!$D$2:$D$1001,'Операции'!$B$2:$B$1001,$A14,'Операции'!$A$2:$A$1001,">="&DATE(2026,4,1),'Операции'!$A$2:$A$1001,"<"&EDATE(DATE(2026,4,1),1)) | F14: =SUMIFS('Операции'!$D$2:$D$1001,'Операции'!$B$2:$B$1001,$A14,'Операции'!$A$2:$A$1001,">="&DATE(2026,5,1),'Операции'!$A$2:$A$1001,"<"&EDATE(DATE(2026,5,1),1)) | G14: =SUMIFS('Операции'!$D$2:$D$1001,'Операции'!$B$2:$B$1001,$A14,'Операции'!$A$2:$A$1001,">="&DATE(2026,6,1),'Операции'!$A$2:$A$1001,"<"&EDATE(DATE(2026,6,1),1)) | H14: =SUMIFS('Операции'!$D$2:$D$1001,'Операции'!$B$2:$B$1001,$A14,'Операции'!$A$2:$A$1001,">="&DATE(2026,7,1),'Операции'!$A$2:$A$1001,"<"&EDATE(DATE(2026,7,1),1)) | I14: =SUMIFS('Операции'!$D$2:$D$1001,'Операции'!$B$2:$B$1001,$A14,'Операции'!$A$2:$A$1001,">="&DATE(2026,8,1),'Операции'!$A$2:$A$1001,"<"&EDATE(DATE(2026,8,1),1)) | J14: =SUMIFS('Операции'!$D$2:$D$1001,'Операции'!$B$2:$B$1001,$A14,'Операции'!$A$2:$A$1001,">="&DATE(2026,9,1),'Операции'!$A$2:$A$1001,"<"&EDATE(DATE(2026,9,1),1)) | K14: =SUMIFS('Операции'!$D$2:$D$1001,'Операции'!$B$2:$B$1001,$A14,'Операции'!$A$2:$A$1001,">="&DATE(2026,10,1),'Операции'!$A$2:$A$1001,"<"&EDATE(DATE(2026,10,1),1)) | L14: =SUMIFS('Операции'!$D$2:$D$1001,'Операции'!$B$2:$B$1001,$A14,'Операции'!$A$2:$A$1001,">="&DATE(2026,11,1),'Операции'!$A$2:$A$1001,"<"&EDATE(DATE(2026,11,1),1)) | M14: =SUMIFS('Операции'!$D$2:$D$1001,'Операции'!$B$2:$B$1001,$A14,'Операции'!$A$2:$A$1001,">="&DATE(2026,12,1),'Операции'!$A$2:$A$1001,"<"&EDATE(DATE(2026,12,1),1))
A16: Всего потрачено | B16: =SUM(B2:B13) | C16: =SUM(C2:C13) | D16: =SUM(D2:D13) | E16: =SUM(E2:E13) | F16: =SUM(F2:F13) | G16: =SUM(G2:G13) | H16: =SUM(H2:H13) | I16: =SUM(I2:I13) | ... M16: =SUM(M2:M13)
A17: Остаток (доход - расходы) | B17: =$B$19+B14-B16 | C17: =B17+C14-C16 | D17: =C17+D14-D16 | E17: =D17+E14-E16 | F17: =E17+F14-F16 | G17: =F17+G14-G16 | H17: =G17+H14-H16 | I17: =H17+I14-I16 | J17: =I17+J14-J16 | ... M17: =L17+M14-M16
A19: Начальный остаток | B19: 0
A21: Надоело вбивать каждую строку? AI Budget Assistant записывает расходы голосом или по фото чека: https://ai-budget.pl/ru/

Sheet Операции
A1: Дата | B1: Категория | C1: Описание | D1: Сумма | E1: Счёт | G1: Расходы записывайте положительными суммами. Поступления — с категорией «Доход».

Sheet Категории
A1: Категория
A2: Жильё
A3: Продукты
A4: Кафе и рестораны
A5: Транспорт
A6: Коммунальные
A7: Здоровье
A8: Подписки
A9: Покупки
A10: Дети
A11: Накопления
A12: Погашение долгов
... A14: Доход
